 Dungeon Crawl Stone Soup version 0.17-a0-2108-g65e8068 (webtiles) character file.

21 Ishikawa the Magician (level 2, -1/20 HPs)
             Began as a Mummy Wizard on Oct 19, 2015.
             Slain by a quokka (4 damage)
             ... on level 2 of the Dungeon.
             The game lasted 00:03:27 (665 turns).

Ishikawa the Magician (Mummy Wizard)                 Turns: 665, Time: 00:03:27

Health: -1/20      AC:  2    Str: 10    XL:     2   Next: 65%
Magic:  2/6        EV: 12    Int: 17    God:
Gold:   54         SH:  0    Dex: 13    Spells: 2 memorised, 4 levels left

rFire  x . .     SeeInvis .     e - +0 short sword
rCold  + . .     Clarity  .     a - +0 robe
rNeg   + + +     SustAt   .     (no shield)
rPois  ∞         Gourm    .     b - +0 hat
rElec  .         Spirit   .     (no cloak)
rCorr  .         Warding  .     (no gloves)
rMut   .         Stasis   .     (no boots)
MR     .....                    (no amulet)
Stlth  ++........               (no ring)
                                d - +3 ring of dexterity

@: very slightly contaminated, not resistant to hostile enchantments, unstealthy
A: no food or potions, fire vulnerability, cold resistance 1, negative energy
resistance 3, torment resistance, unbreathing
a: no special abilities


You were on level 2 of the Dungeon.
You were not hungry.

You visited 1 branch of the dungeon, and saw 2 of its levels.

You collected 54 gold pieces.

Inventory:

Hand Weapons
 e - a +0 short sword (weapon)
 g - a +0 dagger of draining
Armour
 a - a +0 robe (worn)
 b - a +0 hat (worn)
Jewellery
 d - a +3 ring of dexterity (left hand)
Scrolls
 f - a scroll of remove curse {unknown}
 h - a scroll of blinking {unknown}
Books
 c - a book of Minor Magic

   Spells                             Type                      Level
   a - Magic Dart                     Conjuration                  1
   b - Blink                          Translocation                2
   c - Call Imp                       Summoning                    2
   d - Repel Missiles                 Charms/Air                   2
   e - Slow                           Hexes                        2
   f - Conjure Flame                  Conjuration/Fire             3
   g - Mephitic Cloud                 Conjuration/Poison/Air       3


   Skills:
 + Level 0.4 Fighting
 - Level 1.7 Dodging
 - Level 1.7 Stealth
 + Level 3.3 Spellcasting
 + Level 1.0 Conjurations
 - Level 1.0 Summonings
   Level 0.7 Translocations


You had 4 spell levels left.
You knew the following spells:

 Your Spells              Type           Power        Failure   Level  Hunger
a - Magic Dart            Conj           #...         14%         1    N/A
b - Call Imp              Summ           #.......     21%         2    N/A

Dungeon Overview and Level Annotations

Branches:
Dungeon (2/15)

Altars:
Elyvilon


Innate Abilities, Weirdness & Mutations

You do not eat or drink.
Your flesh is vulnerable to fire.
You are immune to poison.
Your flesh is cold resistant.
You are immune to negative energy.
You are immune to unholy pain and torment.
You can survive without breathing.


Message History

Aim: a giant cockroach (moderately wounded, clinging) Attack!
The quokka misses your crimson imp. The giant cockroach closely misses you.
Your white imp hits the giant cockroach.
Your white imp freezes the giant cockroach.
The giant cockroach dies!
Your crimson imp hits the quokka.
What do you say? t - Shout!
Orders for allies: a - Attack new target. r - Retreat! s - Stop attacking. w - Wait here. f - Follow me.
Anything else - Stay silent.
Gang up on whom?
Press: ? - help, Dir - move target cursor, f - quokka
Aim: a quokka (lightly wounded) Attack!
Your white imp hits the quokka.
Your white imp freezes the quokka.
Your crimson imp blinks!
The quokka bites you.
You die...

...†.....# .#
......!.###.#
............#..
..#.
...............
....
......#..#####
....
########..#####
... ##)....##
#.###
#####.5###...#
##..@.5..#
####r§†## ##)##
#(# #.....8.<
###......
#8.<.8 #...#
####


You could see a quokka, a friendly crimson imp and a friendly white imp.

Vanquished Creatures
  3 hobgoblins (D:1)
  2 bats
  3 giant newts (D:1)
  4 goblins
  4 kobolds
  2 rats
18 creatures vanquished.

Vanquished Creatures (collateral kills)
  A bat (D:2)
  A giant cockroach (D:2)
  2 hobgoblins
  A goblin (D:2)
5 creatures vanquished.

Grand Total: 23 creatures vanquished

Notes
Turn   | Place    | Note
--------------------------------------------------------------
     0 | D:1      | Ishikawa the Mummy Wizard began the quest for the Orb.
     0 | D:1      | Reached XP level 1. HP: 13/13 MP: 4/4
   373 | D:1      | Reached XP level 2. HP: 5/19 MP: 4/6
   380 | D:1      | Learned a level 2 spell: Call Imp
   507 | D:1      | You fall through a shaft!
   508 | D:2      | Found a white marble altar of Elyvilon.
   512 | D:2      | Reached skill level 1 in Summonings
   650 | D:2      | Reached skill level 1 in Conjurations
   665 | D:2      | Slain by a quokka

Vault maps used:
D:1:      mrwooster_arrival_statue_3, minmay_misc_feat_more_columns
D:2:      st_stairs_14, grunt_ministairs_7, elyvilon_altar_5, uniq_robin

Action                   || total
-------------------------++-------
Melee: Short sword       ||    27
 Cast: Magic Dart        ||    26
       Call Imp          ||     3
 Stab: Sleeping          ||     1
